 Dungeon Crawl Stone Soup version 0.31-a0-435-g2c6fae2916 (webtiles) character file.

Game seed: 11511596585221508053

12502 Newt the Impaler (level 11, -10/85 HPs)
             Began as a Merfolk Gladiator on Aug 1, 2023.
             Was a Priest of Hepliaklqana.
             Mangled by Rupert
             ... wielding a +2 great mace of protection
              (19 damage)
             ... on level 12 of the Dungeon.
             The game lasted 00:11:14 (10994 turns).

Newt the Impaler (Merfolk Gladiator)               Turns: 10994, Time: 00:11:15

Health: -10/85     AC: 17    Str: 23    XL:     11   Next: 94%
Magic:  11/11      EV: 12    Int: 10    God:    Hepliaklqana [***...]
Gold:   419        SH:  0    Dex: 16    Spells: 10/10 levels left

rFire   + . .        I - +4 trident (protect)
rCold   . . .        (no shield)
rNeg    . . .        B - +4 chain mail {rPois}
rPois   +            c - +1 helmet
rElec   .            h - scarf {repulsion}
rCorr   .            (no gloves)
SInv    +            E - +2 pair of boots
Will    .....        s - amulet of the acrobat Stlth
                     m - ring of see invisible
HPRegen 0.34/turn    j - ring "Feaggoth" {rPois rF+ Will- Str+5 Int+2}
MPRegen 0.12/turn

%: repel missiles, acrobat
@: no status effects
A: reduced essence, (nimble swimmer 2), mertail
a: Renounce Religion, Recall Ancestor, Ancestor Identity, Transference


You were on level 12 of the Dungeon.
You worshipped Hepliaklqana.
Hepliaklqana was most pleased with you.
You visited 2 branches of the dungeon, and saw 13 of its levels.
You also visited: Ossuary.

You collected 883 gold pieces.
You spent 464 gold pieces at shops.

Inventory:

Hand Weapons
 a - a +0 vampiric trident
 n - a +1 vampiric halberd
 I - a +4 trident of protection (weapon)
Missiles
 e - a javelin
Armour
 b - a +0 leather armour
 c - a +1 helmet (worn)
 f - a +0 cloak
 h - a scarf of repulsion (worn)
 l - a +0 buckler
 o - a +0 pair of boots
 A - a +1 buckler of positive energy
 B - a +4 chain mail of poison resistance (worn)
 E - a +2 pair of boots (worn)
Jewellery
 j - the ring "Feaggoth" (right hand) {rPois rF+ Will- Str+5 Int+2}
   (You found it on level 3 of the Dungeon)

   [ring of protection from fire]

   Str:       It affects your strength (+5).
   Int:       It affects your intelligence (+2).
   rF:        It protects you from fire.
   rPois:     It protects you from poison.
   Will:      It decreases your willpower.
 m - a ring of see invisible (left hand)
 s - an amulet of the acrobat (around neck)
 D - a ring of ice
 J - a ring of willpower
Wands
 z - a wand of flame (43)
 H - a wand of mindburst (5)
 K - a wand of roots (8)
Scrolls
 i - a scroll of vulnerability
 r - 7 scrolls of teleportation
 t - a scroll of silence
 u - a scroll of brand weapon
 C - 2 scrolls of enchant armour
Potions
 d - 6 potions of curing
 k - 3 potions of degeneration
 p - 2 potions of heal wounds
 q - a potion of resistance
 v - 2 potions of mutation
 w - 2 potions of brilliance
 x - 2 potions of enlightenment {unknown}
 F - a potion of berserk rage
Miscellaneous
 G - a lightning rod (4/4)


   Skills:
 - Level 12.0 Fighting
 - Level 18.0 Polearms
 - Level 2.0 Throwing
 - Level 9.0 Dodging
 + Level 2.4 Evocations


You had 10 spell levels left.
You didn't know any spells.
Your spell library contained the following spells:

 Spells                   Type           Power      Damage    Failure   Level
 Freeze                   Ice            0%         1d3       95%         1
 Kiss of Death            Conj/Necr      0%         2d5       95%         1
 Sublimation of Blood     Necr           0%         N/A       99%         2
 Confusing Touch          Hex            0%         N/A       100%        3
 Frozen Ramparts          Ice            0%         1d1       100%        3
 Hailstorm                Conj/Ice       0%         3d3       100%        3
 Stone Arrow              Conj/Erth      0%         3d7       100%        3
 Vhi's Electric Charge    Tloc/Air       0%         N/A       100%        3
 Animate Armour           Summ/Erth      0%         N/A       100%        4
 Dispel Undead            Necr           0%         3d6       100%        4
 Petrify                  Tmut/Erth      0%         N/A       100%        4
 Arcjolt                  Conj/Air       0%         1d10      100%        5
 Irradiate                Conj/Tmut      0%         3d11      100%        5
 Plasma Beam              Fire/Air       0%         2x1d10    100%        6
 Lehudib's Crystal Spear  Conj/Erth      0%         10d2      100%        8
 Maxwell's Capacitive Co  Air            0%         ∞         100%        8


Dungeon Overview and Level Annotations

Branches:
Dungeon (12/15)            Temple (1/1) D:7            Lair (0/5) D:11
    Orc (0/2) D:10        Ossuary (visited)

Altars:
Ashenzari
Cheibriados
Dithmenos
Elyvilon
Fedhas
Gozag
Hepliaklqana
Kikubaaqudgha
Makhleb
Nemelex Xobeh
Okawaru
Qazlal
Ru
Sif Muna
Trog
Uskayaw
Vehumet
Wu Jian
Xom
Yredelemnul
Zin
The Shining One

Shops:
D:8 [   D:11 =

Annotations:
D:12 Rupert


Innate Abilities, Weirdness & Mutations

Your life essence is reduced to manifest your ancestor. (-10% HP)
((You are very nimble when in or above water. (Stealth+, EV+, Speed+++)))
Your lower body shifts to a powerful aquatic tail in water.


Message History

Rupert is moderately wounded.
Rupert struggles against the net.
You puncture Rupert!
Rupert is moderately wounded.
Rupert struggles against the net.
The wraith hits Nomusa!
Nomusa hits Rupert with a +0 flail.
You puncture Rupert!
Rupert is moderately wounded.
Rupert struggles against the net.
The net rips apart, and Rupert comes free!
Throw: throwing net
Press: ? - help, Shift-Dir - straight line, f/p - Rupert
Aim: Rupert, wielding a +2 great mace of protection and wearing a +0 leather armour (moderately wounded, berserk, ally target, 65% to hit)
You throw a throwing net. The throwing net barely misses Rupert.
The throwing net hits the wraith.
The net passes right through the wraith!
Nomusa blocks the wraith's attack.
Rupert hits you with a +2 great mace of protection!!
* * * LOW HITPOINT WARNING * * *
Unknown command.
Okay, then.
Blink to where?
Press: ? - help, Dir - move target, p - Rupert A komodo dragon comes into view.
Found a scroll of amnesia.
As you read the scroll of blinking, it crumbles to dust.
The komodo dragon hisses angrily.
Found a stone staircase leading down.
Rupert rages. x2
Rupert rages.
Unknown command.
An unseen horror comes into view.
Found a helmet.
The unseen horror completely misses you.
There is a stone staircase leading down here.
The unseen horror closely misses you.
Rupert hits you with a +2 great mace of protection.
* * * LOW HITPOINT WARNING * * *
Rupert hits you with a +2 great mace of protection!!
You die...

######### #.......#
######.......#
#....#.......#
###....#x......# .
######......#........ ..
+..........l@@.....[.
...#..........#.........
..............#..######.
..........#####....
..........# #..###
####......# #..#
##....W..## #..#
...##...#? ....
##.##W..#.#


You could see Rupert (berserk), a komodo dragon and an unseen horror
(invisible).

Vanquished Creatures
  3 two-headed ogres (D:8)
  An ugly thing (D:11)
  3 manticores
  Joseph (D:8)
  A kobold demonologist (D:10)
  An unseen horror (D:11)
  A hornet (D:9)
  Grinder (D:5)
  2 shadows (D:11)
  A wyvern (D:10)
  Eustachio (D:4)
  A wraith (D:9)
  14 yaks
  2 humans (D:8)
  2 vampire mosquitoes (D:11)
  Edmund (D:6)
  2 acid dragons
  2 orc warriors
  An ice beast (D:6)
  3 sky beasts
  2 black bears
  An ogre (D:5)
  9 centaurs
  2 phantoms (D:5)
  2 kobold brigands
  2 bullfrogs
  5 wights
  An electric eel (D:8)
  2 howler monkeys (D:11)
  3 orc priests
  Crazy Yiuf (D:2)
  A gnoll bouda (D:5)
  3 jellies
  2 iguanas
  Jessica (D:3)
  2 sleepcaps (D:6)
  5 orc wizards
  8 mummies (Ossuary)
  10 gnolls
  8 adders
  A shadow imp (D:6)
  3 white imps
  3 ufetubi
  5 worms
  A dart slug (D:5)
  21 orcs
  9 ball pythons
  6 bats
  6 endoplasms
  4 giant cockroaches
  A gnoll zombie (Ossuary)
  7 hobgoblins
  28 kobolds
  8 quokkas
  5 frilled lizards
  4 goblins (D:1)
  2 hobgoblin zombies (Ossuary)
  2 kobold zombies (Ossuary)
  3 orc zombies (Ossuary)
  8 rats
  A spectral orc (D:10)
242 creatures vanquished.

Vanquished Creatures (collateral kills)
  An oklob plant (D:11)
  2 yaks (D:10)
  An acid dragon (D:11)
  A centaur (D:11)
  A bullfrog (D:9)
  2 gnoll sergeants
  A howler monkey (D:11)
  2 gnolls (D:9)
  An orc (D:9)
12 creatures vanquished.

Vanquished Creatures (others)
  3 ancestors
3 creatures vanquished.

Grand Total: 257 creatures vanquished

Notes
Turn   | Place    | Note
-------+----------+-------------------------------------------
     0 | D:1      | Newt the Merfolk Gladiator began the quest for the Orb.
     0 | D:1      | Reached XP level 1. HP: 16/16 MP: 1/1
   124 | D:1      | Reached XP level 2. HP: 16/24 MP: 2/2
   321 | D:1      | Reached XP level 3. HP: 27/30 MP: 3/3
   819 | D:2      | Noticed Jessica
  1140 | D:2      | Found a runed translucent door.
  1141 | D:2      | Noticed Crazy Yiuf
  1152 | D:2      | Killed Crazy Yiuf
  1153 | D:2      | Reached XP level 4. HP: 36/38 MP: 0/4
  1383 | D:3      | Reached skill level 5 in Fighting
  1401 | D:3      | Found a burning altar of Makhleb.
  1426 | D:3      | Found a sacrificial altar of Ru.
  1429 | D:3      | Found a hide-covered altar of Uskayaw.
  1632 | D:3      | Reached skill level 5 in Polearms
  1632 | D:3      | Reached XP level 5. HP: 44/44 MP: 5/5
  1848 | D:3      | Identified the ring "Feaggoth" {rPois rF+ Will- Str+5
                  | Int+2}
  1896 | D:3      | Killed Jessica
  1906 | D:3      | Found a shadowy altar of Dithmenos.
  2303 | D:4      | Reached skill level 6 in Polearms
  2381 | D:4      | Noticed a black bear
  2392 | D:4      | Killed a black bear
  2393 | D:4      | Reached skill level 7 in Polearms
  2393 | D:4      | Reached XP level 6. HP: 38/51 MP: 6/6
  2545 | D:4      | Noticed Eustachio
  2560 | D:4      | Killed Eustachio
  2561 | D:4      | Reached skill level 8 in Polearms
  2561 | D:4      | Reached XP level 7. HP: 37/56 MP: 7/7
  2779 | D:4      | Reached skill level 9 in Polearms
  3070 | D:5      | Entered Level 5 of the Dungeon
  3216 | D:5      | Reached skill level 10 in Polearms
  3244 | D:5      | Noticed Grinder
  3262 | D:5      | Paralysed by Grinder for 4 turns
  3273 | D:5      | Paralysed by Grinder for 2 turns
  3275 | D:5      | HP: 3/126 [Grinder (5)]
  3278 | D:5      | Killed Grinder
  3279 | D:5      | Reached XP level 8. HP: 4/62 MP: 8/8
  4990 | D:6      | Reached skill level 11 in Polearms
  5142 | D:6      | Reached XP level 9. HP: 68/68 MP: 9/9
  5299 | D:6      | Noticed Edmund
  5309 | D:6      | Killed Edmund
  5310 | D:6      | Reached skill level 12 in Polearms
  5431 | D:7      | Found a staircase to the Ecumenical Temple.
  5496 | Temple   | Entered the Ecumenical Temple
  5508 | Temple   | Became a worshipper of Hepliaklqana the Forgotten
  5617 | D:7      | Found a radiant altar of Vehumet.
  5750 | D:7      | Reached skill level 13 in Polearms
  5750 | D:7      | Found a sand-covered staircase.
  5755 | Ossuary  | Entered an ossuary
  6926 | D:8      | Noticed a two-headed ogre
  6936 | D:8      | Killed a two-headed ogre
  6937 | D:8      | Reached skill level 14 in Polearms
  7059 | D:8      | Noticed Joseph
  7074 | D:8      | Killed Joseph
  7075 | D:8      | Reached XP level 10. HP: 33/80 MP: 10/10
  7261 | D:8      | Found a white marble altar of Elyvilon.
  7402 | D:8      | Noticed a manticore
  7407 | D:8      | Killed a manticore
  7799 | D:8      | Found Juukum's Antique Armour Shoppe.
  7813 | D:8      | Bought a runed buckler for 232 gold pieces
  7813 | D:8      | Bought a shiny chain mail for 232 gold pieces
  7855 | D:8      | Found an iron altar of Okawaru.
  7856 | D:8      | You fall into a shaft and drop 1 floor!
  7882 | D:9      | Reached * piety under Hepliaklqana
  7964 | D:9      | Reached skill level 15 in Polearms
  8134 | D:8      | Noticed a two-headed ogre
  8141 | D:8      | Killed a two-headed ogre
  8142 | D:8      | Reached skill level 16 in Polearms
  8357 | D:8      | Reached XP level 11. HP: 70/80 MP: 11/11
  8449 | D:8      | Noticed a two-headed ogre
  8459 | D:8      | Killed a two-headed ogre
  8460 | D:8      | Reached skill level 17 in Polearms
  9193 | D:10     | Entered Level 10 of the Dungeon
  9197 | D:10     | Noticed a sun demon
  9208 | D:10     | Reached skill level 18 in Polearms
  9329 | D:10     | Reached ** piety under Hepliaklqana
  9330 | D:10     | Remembered your ancestor Nomusa as a knight
  9367 | D:10     | Found a shimmering altar of Xom.
  9367 | D:10     | Found an ancient bone altar of Kikubaaqudgha.
  9368 | D:10     | Found a blossoming altar of Fedhas.
  9428 | D:10     | Found a staircase to the Orcish Mines.
  9562 | D:10     | Identified the +6 sling of Wounding {speed, Int+4}
  9732 | D:10     | Reached skill level 10 in Fighting
  9961 | D:10     | Found a basalt altar of Yredelemnul.
 10230 | D:11     | Reached *** piety under Hepliaklqana
 10284 | D:11     | Found a staircase to the Lair.
 10284 | D:11     | Noticed an oklob plant
 10297 | D:11     | Killed an oklob plant
 10329 | D:11     | Noticed a white ugly thing
 10342 | D:11     | Killed a white ugly thing
 10521 | D:11     | Noticed a manticore
 10533 | D:11     | Killed a manticore
 10534 | D:11     | Reached skill level 1 in Evocations
 10704 | D:11     | Found Rapnawkena's Jewellery Shop.
 10744 | D:11     | Noticed a manticore
 10754 | D:11     | Killed a manticore
 10967 | D:12     | Noticed Rupert
 10971 | D:12     | Paralysed by Rupert for 5 turns
 10977 | D:12     | HP: 3/85 [Rupert/+2 great mace of protection (10)]
 10994 | D:12     | Mangled by Rupert

Illustrated notes

Levels and vault maps discovered:
D:1:      lightli_molten_gateway, layout_loops_ring, dk_noncrumbling_2,
          serial_bayou_pond_b
D:2:      layout_rooms, serial_corexii_hall, corexii_hall_statues_u,
          corexii_hall_statues_i, chequers_hall_statues_y, nicolae_the_louvre,
          uniq_crazy_yiuf_cottage, uniq_jessica
D:3:      layout_loops_corners, mainiacjoe_overflow_small_starburst,
          grunt_temple_overflow_open, moated_statue
D:4:      layout_gridville, grunt_ministairs_15, uniq_eustachio
D:5:      kennysheep_kobold_camp, layout_layer_cave, gammafunk_ghost_cemetery,
          uniq_grinder
D:6:      layout_loops_ring, grunt_decor_cap, uniq_edmund
D:7:      layout_basic, nicolae_vehumet_radiance, temple_fountains,
          enter_ossuary_2, minmay_misc_feat_five
D:8:      cheibrodos_elevator_heist, layout_gridville,
          nicolae_elyvilon_temple_path, okawaru_humans, serial_shops, shop,
          uniq_maggie, uniq_joseph
D:9:      layout_irregular_city, dreamdust_wishing_well, st_stairs_2
D:10:     layout_irregular_city, yredelemnul_forgotten_temple_becter,
          gammafunk_temple_overflow_forgotten, orc_0_dummy, minmay_hedge_maze,
          glass_columns_b, st_stairs_10
D:11:     layout_big_octagon, dpeg_oklobed_lair,
          nicolae_concentric_dashed_squares_wild,
          minmay_shop_enchanted_jewellery
D:12:     layout_basic, uniq_frances, uniq_rupert, uniq_fannar, uniq_sonja
Temple:   nicolae_temple_bog_church

Skill      XL: |  1  2  3  4  5  6  7  8  9 10 11 |
---------------+----------------------------------+-----
Fighting       | 3 4 5 7 9 12 | 12.0
Polearms       | 5 7 8 10 11 14 16 18 | 18.0
Dodging        | 6 9 |  9.0
Evocations     | 2 |  2.4
Throwing       | |  2.0

Action                     |  1- 3 |  4- 6 |  7- 9 | 10-12 || total
---------------------------+-------+-------+-------+-------++-------
  Melee: Trident           |   113 |   133 |   142 |    70 ||   458
         Punch             |     1 |       |       |       ||     1
         Halberd           |       |       |   239 |   266 ||   505
  Throw: Throwing net      |     2 |       |     6 |     2 ||    10
 Invoke: Ancestor Life: Kn |       |       |       |     1 ||     1
    Use: Scroll            |     4 |     4 |     6 |     5 ||    19
         Potion            |     3 |       |     5 |     2 ||    10
   Stab: Sleeping          |     2 |     5 |     3 |       ||    10
         Held in net/web   |     1 |       |     2 |       ||     3
         Invisible         |       |       |     3 |       ||     3
         Distracted        |       |       |       |     2 ||     2
 Armour: Leather armour    |    26 |    26 |    42 |     2 ||    96
         Skin              |       |       |     3 |       ||     3
         Chain mail        |       |       |       |    56 ||    56
  Dodge: Dodged            |    46 |    74 |   221 |   173 ||   514
         Repelled          |       |       |     2 |     5 ||     7
  Block: Buckler           |     6 |    20 |    18 |       ||    44

Table legend: (Time is in decaauts)
 A = Elapsed time spent in this place.
 B = Non-inter-level travel time spent in this place.
 C = Inter-level travel time spent in this place.
 D = Time resting spent in this place.
 E = Time spent auto-exploring this place.
 F = Levels seen in this place.
 G = Mean time per level.
                   A        B        C        D        E       F      G
               +--------+--------+--------+--------+--------+-----+--------+
         Total |  10861 |  10321 |    540 |   1033 |   7488 |  14 |  775.8 |
       Dungeon |  10430 |   9914 |    516 |    808 |   7392 |  12 |  869.2 |
        Temple |     24 |      1 |     23 |      0 |      0 |   1 |   24.0 |
       Ossuary |    406 |    406 |      0 |    225 |     96 |   1 |  406.0 |
               +--------+--------+--------+--------+--------+-----+--------+

Top non-repeatable levels by time:
     D:5: 1529 daAuts
     D:7: 1377 daAuts
     D:3: 1029 daAuts
     D:8: 981 daAuts
     D:9: 906 daAuts
    D:10: 884 daAuts
    D:11: 838 daAuts
     D:4: 820 daAuts
     D:6: 804 daAuts
     D:1: 628 daAuts
     D:2: 606 daAuts
 Ossuary: 406 daAuts
    D:12: 24 daAuts
  Temple: 24 daAuts
